 Dungeon Crawl Stone Soup version 0.16.1-28-gcc2312f (webtiles) character file.

114 Kidiri the Digger (level 4, -10/24 HPs)
             Began as a Gargoyle Earth Elementalist on May 29, 2015.
             Mangled by an orc warrior
             ... wielding a +0 short sword
              (13 damage)
             ... on level 6 of the Dungeon.
             The game lasted 00:11:59 (2250 turns).

Kidiri the Digger (Gargoyle Earth Elementalist)     Turns: 2250, Time: 00:12:01

Health: -10/24     AC: 10    Str: 11    XL:     4   Next: 97%
Magic:  7/8        EV: 11    Int: 17    God:
Gold:   43         SH:  0    Dex: 10    Spells: 3 memorised, 2 levels left

rFire  . . .     SeeInvis .     p - +4 short sword
rCold  . . .     Clarity  .     q - +0 leather armour
rNeg   + . .     SustAb   .     (no shield)
rPois  ∞         Gourm    +     h - +0 helmet
rElec  +         Spirit   .     (no cloak)
rCorr  .         Warding  .     (no gloves)
rMut   .         Stasis   .     (no boots)
MR     .....                    r - amulet of the gourmand
Stlth  ++........               (no ring)
                                (no ring)

@: stone skin, not resistant to hostile enchantments, unstealthy
A: negative energy resistance 1, electricity resistance, unbreathing,
petrification resistance, rot immunity, AC +3
a: no special abilities


You were on level 6 of the Dungeon.
You were not hungry.

You visited 1 branch of the dungeon, and saw 4 of its levels.

You collected 43 gold pieces.

Inventory:

Hand weapons
 n - a +0 dagger
 p - a +4 short sword (weapon)
Missiles
 b - 57 stones (quivered)
Armour
 c - a +0 robe
 h - a +0 helmet (worn)
 q - a +0 leather armour (worn)
Jewellery
 r - an amulet of the gourmand (around neck)
Magical devices
 f - a wand of magic darts (18)
Scrolls
 l - a scroll of blinking
 m - a scroll of identify
 s - a scroll of fog
 t - a scroll of remove curse
Potions
 e - a potion of curing
 i - a potion of brilliance {unknown}
 j - a potion of agility {unknown}
Books
 d - a book of Geomancy

   Spells                             Type                      Level
   a - Sandblast                      Earth                        1
   b - Stoneskin                      Transmutation/Earth          2
   c - Passwall                       Transmutation/Earth          3
   d - Stone Arrow                    Conjuration/Earth            3
   e - Petrify                        Transmutation/Earth          4
   f - Lee's Rapid Deconstruction     Earth                        5
Comestibles
 a - 5 bread rations
 g - a slice of pizza
 k - 2 meat rations
 o - a beef jerky


   Skills:
 + Level 0.9 Fighting
 + Level 1.2 Armour
 + Level 2.1 Dodging
 + Level 2.8 Stealth
 * Level 2.5 Spellcasting
 * Level 1.6 Transmutations
 * Level 4.4 Earth Magic


You had 2 spell levels left.
You knew the following spells:

 Your Spells              Type           Power        Failure   Level  Hunger
a - Sandblast             Erth           ###...       4%          1    #......
b - Stoneskin             Trmt/Erth      ##......     12%         2    ##.....
c - Passwall              Trmt/Erth      ##........   21%         3    ###....


Dungeon Overview and Level Annotations

Branches:
Dungeon (6/15)
 Temple: D:4-7

Altars:
Okawaru


Innate Abilities, Weirdness & Mutations

You are resistant to torment.
You are immune to poison.
Your stone body is very resilient (AC +3).
You resist negative energy.
You are resistant to electric shocks.
You can survive without breathing.
You are immune to petrification.
You are immune to rotting.


Message History

The giant frog croaks.
The giant frog barely misses you.
The orc warrior hits you with a short sword.
You closely miss the giant frog. The giant frog misses you.
The giant frog closely misses you.
The orc warrior hits you but does no damage.
You closely miss the giant frog. The giant frog closely misses you.
The orc warrior hits you with a short sword.
* * * LOW HITPOINT WARNING * * *
Read which item? (? for menu, Esc to quit)
As you read the scroll labeled KUATRI PSETWA, it crumbles to dust.
It is a scroll of identify.
Identify which item? (\ to view known items) (? for menu, Esc to quit)
l - a scroll of blinking The giant frog hits you.
* * * LOW HITPOINT WARNING * * *
The giant frog hits you but does no damage.
The orc warrior hits you with a short sword!
Ouch! That really hurt!
You die...

#.# #.# ##
#.######.#
#
#.#......#
#..o....##
###)###.#
#####o# #o
#{o...# #.
#o##### o
#@# #F#
#.# #.#
#.# #.#
..# ###


You could see an orc warrior, a giant frog and an orc.

Vanquished Creatures
  An orc priest (D:6)
  A worker ant (D:6)
  Terence (D:2)
  2 adders (D:2)
  A worm (D:2)
  An adder skeleton (D:6)
  A giant gecko (D:1)
  2 oozes
  5 bats
  A giant cockroach (D:1)
  A goblin (D:1)
  A hobgoblin (D:1)
  A giant newt (D:2)
  A rat (D:1)
20 creatures vanquished.

Notes
Turn   | Place    | Note
--------------------------------------------------------------
     0 | D:1      | Kidiri, the Gargoyle Earth Elementalist, began the quest for the Orb.
     0 | D:1      | Reached XP level 1. HP: 10/10 MP: 3/3
   331 | D:1      | Reached XP level 2. HP: 10/15 MP: 2/4
   335 | D:1      | Learned a level 2 spell: Stoneskin
   571 | D:1      | Reached skill level 1 in Transmutations
   707 | D:1      | Found an iron altar of Okawaru.
  1060 | D:2      | Noticed Terence
  1405 | D:2      | Reached skill level 4 in Earth Magic
  1405 | D:2      | Reached XP level 3. HP: 16/19 MP: 6/6
  1838 | D:2      | Killed Terence
  1838 | D:2      | Reached XP level 4. HP: 18/24 MP: 0/7
  1903 | D:2      | Learned a level 3 spell: Passwall
  2018 | D:3      | You fall through a shaft for 3 floors!
  2041 | D:6      | Reached skill level 1 in Armour
  2223 | D:6      | Noticed an orc warrior
  2245 | D:6      | Noticed a giant frog
  2250 | D:6      | Mangled by an orc warrior

Action                   |  1- 3 |  4- 6 || total
-------------------------+-------+-------++-------
Melee: Unarmed           |    33 |       ||    33
       Short sword       |    33 |    20 ||    53
       Dagger            |     5 |       ||     5
 Cast: Sandblast         |    30 |       ||    30
       Stoneskin         |     3 |     2 ||     5
Evoke: Wand              |       |     1 ||     1
  Use: Potion            |     1 |     1 ||     2
       Scroll            |     4 |     1 ||     5
  Eat: Meat ration       |     1 |       ||     1
